 Dungeon Crawl Stone Soup version 0.28-a0-1520-gc3277d3759 (webtiles) character file.

Game seed: 890304422737065624

6305 mopl the Grappler (level 10, -21/71 HPs)
             Began as a Mummy Monk on Jan 14, 2022.
             Was a High Priest of Hepliaklqana.
             Demolished by a large abomination (24 damage)
             ... on level 2 of the Abyss on Jan 17, 2022.
             The game lasted 00:20:22 (10530 turns).

mopl the Grappler (Mummy Monk)                     Turns: 10530, Time: 00:20:23

Health: -21/71     AC: 11    Str: 18      XL:     10   Next: 63%
Magic:  14/14      EV: 17    Int:  9 (11) God:    Hepliaklqana [*****.]
Gold:   402        SH:  4    Dex: 13 (14) Spells: 9/9 levels left

rFire   x . .      SeeInvis .     - Unarmed
rCold   + . .      Faith    .   D - +0 buckler
rNeg    + + +      Spirit   .   B - +0 troll leather armour
rPois   ∞          Reflect  .   r - +0 helmet
rElec   .          Harm     .   f - +2 cloak {rPois}
rCorr   .          Rampage  .   q - +0 pair of gloves
Will    +....                   c - +0 pair of boots
Stlth   ++........              (no amulet)
HPRegen 1.01/turn               (no ring)
MPRegen 0.14/turn               k - +4 ring of evasion

@: no status effects
A: reduced essence, cold resistance 1, negative energy resistance 3, torment
resistance 2, heat vulnerability 1, no potions
a: Renounce Religion, Recall Ancestor, Ancestor Identity, Transference, Idealise


You were on level 2 of the Abyss.
You worshipped Hepliaklqana.
Hepliaklqana was extremely pleased with you.
You visited 1 branch of the dungeon, and saw 9 of its levels.
You visited the Abyss 1 time.
You also visited: Sewer.

You collected 402 gold pieces.

Inventory:

Hand Weapons
 g - a +3 quarterstaff of chaos
 h - a +2 dagger of venom
 u - a +4 short sword of venom
 z - a +1 war axe of flaming
Missiles
 b - 6 atropa-tipped darts
 n - 20 poisoned darts
 A - 2 boomerangs (quivered)
Armour
 c - a +0 pair of boots (worn)
 f - a +2 cloak of poison resistance (worn)
 q - a +0 pair of gloves (worn)
 r - a +0 helmet (worn)
 v - a +0 plate armour
 B - a +0 troll leather armour (worn)
 D - a +0 buckler (worn)
Jewellery
 e - a ring of magical power
 k - a +4 ring of evasion (right hand)
 y - a ring of flight
 C - a ring of fire
Wands
 m - a wand of iceblast (9)
 w - a wand of polymorph (3)
 x - a wand of mindburst (1)
Scrolls
 a - 4 scrolls of fog
 i - 4 scrolls of vulnerability
 j - 4 scrolls of identify
 l - 3 scrolls of magic mapping
 o - 3 scrolls of fear
 t - 2 scrolls of noise


   Skills:
 + Level 7.4 Fighting
 + Level 5.3 Armour
 - Level 5.5 Dodging
 - Level 1.5 Stealth
 + Level 2.0 Shields
 * Level 8.4 Unarmed Combat
 + Level 5.7 Invocations


You had 9 spell levels left.
You didn't know any spells.
Your spell library contained the following spells:

 Spells                   Type           Power      Damage    Failure   Level
 Sandblast                Erth           0%         2d4       54%         1
 Ensorcelled Hibernation  Hex/Ice        0%         N/A       67%         2
 Passwall                 Tmut/Erth      0%         N/A       67%         2
 Conjure Flame            Conj/Fire      0%         6-21      88%         3
 Dazzling Flash           Conj/Hex       0%         N/A       88%         3
 Stone Arrow              Conj/Erth      0%         3d7       88%         3
 Anguish                  Hex/Necr       0%         N/A       99%         4
 Freezing Cloud           Conj/Ice/Air   0%         6-21      100%        5
 Spider Form              Tmut/Pois      Unusable   N/A       N/A         3

Dungeon Overview and Level Annotations

Branches:
Dungeon (9/15)             Temple (0/1) D:5           Sewer (visited)
   Lair: D:8-11         Orc: D:9-12

Altars:
Ashenzari
Cheibriados
Hepliaklqana
Qazlal
Xom

Annotations:
D:4 dig
D:9 Erolcha


Innate Abilities, Weirdness & Mutations

Your life essence is reduced to manifest your ancestor. (-10% HP)
You are immune to poison.
Your flesh is cold resistant. (rC+)
You are immune to negative energy. (rN+++)
You are immune to unholy pain and torment.
You are vulnerable to heat. (rF-)
You do not drink.


Message History

You punch the harpy skeleton!
You destroy the harpy skeleton!
That felt strangely unrewarding.
You start resting.
A small abomination is nearby!
The small abomination misses you.
You closely miss the small abomination. The small abomination hits you!
You are too injured to fight recklessly!
You are too injured to fight recklessly!
You are too injured to fight recklessly!
You hit the small abomination but do no damage.
The small abomination hits you but does no damage.
You hit the small abomination but do no damage.
The small abomination completely misses you.
You hit the small abomination but do no damage.
The small abomination hits you but does no damage.
A large abomination comes into view.
You punch the small abomination!
The small abomination is moderately damaged.
The small abomination completely misses you.
You punch the small abomination!
The small abomination is severely damaged.
The small abomination misses you.
You hit the small abomination but do no damage.
The small abomination is severely damaged.
The small abomination hits you!
You hit the small abomination.
The small abomination is severely damaged.
The small abomination closely misses you.
You closely miss the small abomination.
The small abomination is severely damaged.
The small abomination hits you!
* * * LOW HITPOINT WARNING * * *
You hit the small abomination.
The small abomination is almost destroyed.
The large abomination hits you!
* * * LOW HITPOINT WARNING * * *
You block the small abomination's attack.
The large abomination hits you!!
You die...

.. .... .. ##
# ....##. ..
. ###...#. .
.
........###.
. .........##
. .
#......###
##....X...#
## ...
.#@#..# .
#.#...#x#.#.#
.. # #
.#.#..# . # .
#. ###...#.##
. # # .
...#.#. . . .
.. . .. .##.
. . . ..##..
#. # # . .. .
#. . ... # .
. . . #


You could see a large abomination and a small abomination.

Vanquished Creatures
  A skeletal warrior (D:8)
  A large abomination (Abyss:2)
  A necromancer (Abyss:2)
  2 centaur zombies
  An ancient zyme (Abyss:2)
  A harpy skeleton (Abyss:2)
  A shadow (D:6)
  2 wyverns
  A wraith (D:7)
  3 yaks (D:8)
  A neqoxec (Abyss:2)
  Edmund (D:6)
  An acid dragon (D:9)
  A water moccasin (D:6)
  A hornet zombie (D:7)
  2 orc warriors
  A sky beast (D:6)
  A centaur (D:8)
  A phantom (D:4)
  Blork the orc (D:4)
  A kobold brigand (D:8)
  2 bullfrogs (D:8)
  A scorpion (D:4)
  A water moccasin zombie (D:5)
  3 small abominations (Abyss:2)
  A water moccasin skeleton (D:5)
  6 killer bees
  4 howler monkeys
  6 orc priests
  3 hounds
  A jelly (D:5)
  A centaur skeleton (D:5)
  Terence (D:3)
  An iguana (D:4)
  6 orc wizards
  Natasha (twice) (D:3)
  Robin (D:3)
  3 river rats
  6 adders
  A white imp (D:7)
  2 ufetubi
  2 worms
  16 orcs
  2 bats
  6 endoplasms
  5 giant cockroaches
  9 goblins (D:3)
  11 hobgoblins
  8 jackals
  2 quokkas
  8 ball pythons
  4 frilled lizards
  30 kobolds
  14 rats
195 creatures vanquished.

Vanquished Creatures (collateral kills)
  A hydra (D:8)
  A troll (D:8)
  A yak (D:8)
  Duvessa (D:7)
  A water moccasin (D:8)
  2 centaurs
  2 kobold brigands (D:4)
  Dowan (D:7)
  A howler monkey (D:7)
  A centaur skeleton (D:7)
  Crazy Yiuf (D:2)
  A bullfrog skeleton (D:5)
  2 orc priests
  A jelly (D:6)
  Natasha (D:3)
  An orc wizard (D:9)
  A killer bee zombie (D:8)
  3 adders (Sewer)
  4 river rats (Sewer)
  3 orcs
  3 endoplasms
  A giant cockroach (D:3)
  A goblin (D:3)
  A jackal (D:5)
  6 quokkas
  A ball python (Sewer)
  13 rats
56 creatures vanquished.

Vanquished Creatures (others)
  A sky beast (D:8)
  12 hexers
  An ancestor (D:2)
  4 starspawn tentacles (Abyss:2)
18 creatures vanquished.

Grand Total: 269 creatures vanquished

Notes
Turn   | Place    | Note
-------+----------+-------------------------------------------
     0 | D:1      | mopl the Mummy Monk began the quest for the Orb.
     0 | D:1      | Reached XP level 1. HP: 18/18 MP: 1/1
    50 | D:1      | Reached XP level 2. HP: 9/24 MP: 2/2
   373 | D:1      | Found a faded altar of an unknown god.
   395 | D:1      | Prayed at the altar of an unknown god.
   395 | D:1      | Became a worshipper of Hepliaklqana the Forgotten
   395 | D:1      | Reached * piety under Hepliaklqana
   395 | D:1      | Reached ** piety under Hepliaklqana
   424 | D:1      | Reached *** piety under Hepliaklqana
   760 | D:2      | Reached XP level 3. HP: 26/26 MP: 3/3
   962 | D:2      | Reached skill level 3 in Unarmed Combat
  1203 | D:2      | Reached skill level 1 in Armour
  1526 | D:2      | Found a runed translucent door.
  1527 | D:2      | Noticed Crazy Yiuf
  1590 | D:2      | Reached **** piety under Hepliaklqana
  1772 | D:2      | Remembered your ancestor Zola as a hexer
  1774 | D:2      | Upgraded the game from 0.28-a0-1510-gd0f6b136d3 to
                  | 0.28-a0-1520-gc3277d3759
  1786 | D:2      | Killed Crazy Yiuf
  1787 | D:2      | Reached skill level 1 in Invocations
  1787 | D:2      | Reached XP level 4. HP: 9/31 MP: 1/4
  2092 | D:3      | Noticed Terence
  2136 | D:3      | Killed Terence
  2364 | D:3      | Noticed Robin
  2374 | D:3      | Killed Robin
  2375 | D:3      | Reached XP level 5. HP: 35/36 MP: 5/5
  2593 | D:3      | Noticed Natasha
  2599 | D:3      | Killed Natasha
  2600 | D:3      | Reached skill level 3 in Dodging
  2978 | D:3      | Noticed Natasha
  2997 | D:3      | Killed Natasha
  3035 | D:3      | Noticed Natasha
  3050 | D:3      | Killed Natasha
  3148 | D:4      | Noticed a phantom
  3162 | D:4      | Reached skill level 4 in Fighting
  3162 | D:4      | Reached XP level 6. HP: 28/43 MP: 7/7
  3294 | D:4      | Reached skill level 4 in Unarmed Combat
  3522 | D:4      | Reached skill level 2 in Armour
  3522 | D:4      | Reached skill level 2 in Invocations
  3928 | D:4      | Reached XP level 7. HP: 48/49 MP: 8/8
  4007 | D:4      | Noticed Blork the orc
  4029 | D:4      | Killed Blork the orc
  4459 | D:5      | Entered Level 5 of the Dungeon
  4679 | D:5      | Reached skill level 5 in Unarmed Combat
  4680 | D:5      | Reached ***** piety under Hepliaklqana
  4719 | D:5      | Found a glowing drain.
  4774 | Sewer    | Entered a sewer
  5052 | Sewer    | Reached XP level 8. HP: 50/54 MP: 10/10
  5076 | Sewer    | Reached skill level 3 in Invocations
  5394 | D:5      | Found a staircase to the Ecumenical Temple.
  5408 | D:5      | Reached skill level 4 in Dodging
  5458 | D:5      | Reached skill level 5 in Fighting
  5537 | D:5      | Found a shimmering altar of Xom.
  5540 | D:5      | Found a broken altar of Ashenzari.
  5687 | D:6      | Reached skill level 3 in Armour
  5854 | D:6      | Noticed Edmund
  5867 | D:6      | Killed Edmund
  5953 | D:6      | p0werm0de:
                  | https://soundcloud.com/rave_alert/ravecast93-lucinee?ref=cl
                  | ipboard&p=a&c=0&si=0c542c1bd9fa415bbbd1b27d20f69778&utm_cam
                  | paign=social_sharing&utm_medium=text&utm_source=clipboard
  5972 | D:6      | p0werm0de: !!!!!!!
  6433 | D:6      | Reached skill level 6 in Unarmed Combat
  6480 | D:6      | p0werm0de: tournament probably start of feb
  6504 | D:7      | mopl: oh nice
  6504 | D:7      | mopl: ty
  6532 | D:7      | Noticed Dowan
  6532 | D:7      | Noticed Duvessa
  6559 | D:7      | Killed Dowan
  6560 | D:7      | Reached skill level 4 in Invocations
  6774 | D:7      | Reached XP level 9. HP: 62/62 MP: 12/12
  6827 | D:7      | p0werm0de:
                  | https://cdn.discordapp.com/attachments/707365306447822910/9
                  | 32596767399219200/unknown.png
  7012 | D:7      | Killed Duvessa
  7496 | D:7      | Got the Tome of the Excruciating Arsonist
  7639 | D:7      | Reached skill level 6 in Fighting
  7639 | D:7      | Reached skill level 4 in Armour
  7658 | D:7      | Reached skill level 5 in Dodging
  8128 | D:7      | Reached skill level 7 in Unarmed Combat
  8167 | D:7      | Found a snail-covered altar of Cheibriados.
  8168 | D:7      | Found a stormy altar of Qazlal.
  8915 | D:8      | Reached skill level 5 in Invocations
  9177 | D:8      | Reached XP level 10. HP: 69/69 MP: 13/13
  9271 | D:8      | Noticed a skeletal warrior
  9813 | D:8      | Killed a skeletal warrior
  9843 | D:8      | Noticed a five-headed hydra
  9857 | D:8      | Killed a two-headed hydra
  9858 | D:8      | Reached skill level 7 in Fighting
  9858 | D:8      | Reached skill level 5 in Armour
  9858 | D:8      | Reached skill level 1 in Shields
  9858 | D:8      | Reached skill level 8 in Unarmed Combat
 10034 | D:9      | Reached skill level 2 in Shields
 10117 | D:9      | Noticed Erolcha
 10143 | D:9      | Cast into level 2 of the Abyss (Erolcha)
 10189 | Abyss:2  | Noticed a tentacled starspawn
 10220 | Abyss:2  | Noticed a necromancer
 10250 | Abyss:2  | Killed a necromancer
 10257 | Abyss:2  | Noticed a thrashing horror
 10286 | Abyss:2  | Noticed a hell hog
 10289 | Abyss:2  | Found a corrupted altar of Lugonu.
 10333 | Abyss:2  | Noticed a smoke demon
 10344 | Abyss:2  | Noticed a shadow demon
 10419 | Abyss:2  | Noticed a large abomination
 10436 | Abyss:2  | Killed a large abomination
 10524 | Abyss:2  | Noticed a large abomination
 10530 | Abyss:2  | HP: 3/71 [large abomination (15)]
 10530 | Abyss:2  | Demolished by a large abomination

Illustrated notes

Levels and vault maps discovered:
D:1:      scummos_arrival_hexagon, layout_basic,
          chequers_ecumenical_altar_simple_redux, chequers_serial_rivers_small_a
D:2:      minmay_skewed_foursquare, layout_loops_ring, uniq_crazy_yiuf_cottage
D:3:      layout_loops_ring, nrook_mini_backslash, uniq_robin, uniq_natasha,
          uniq_terence
D:4:      cheibrodos_thug_alley, layout_rooms, serial_corexii_hall,
          corexii_hall_statues_i, corexii_hall_statues_u,
          chequers_hall_statues_corner_a, corexii_hall_statues_u,
          corexii_hall_statues_x, corexii_hall_statues_s, minmay_surrounded,
          uniq_blork_the_orc
D:5:      layout_basic, minitemple, minmay_temple_entry_nine_rooms,
          portal_sewer_entry_b
D:6:      layout_loops_ring, dk_rats_in_the_wall, uniq_edmund
D:7:      layout_cave_pods, gammafunk_temple_overflow_wave, uniq_duvessa
D:8:      minmay_opposing_rooms, layout_basic, amcnicky_mini_corridor_feature
D:9:      layout_loops_ring, dpeg_oklobed_lair, serial_shops,
          nicolae_square_shop, uniq_prince_ribbit1, uniq_erolcha, uniq_maggie
Abyss:2:  base: Temple, hangedman_abyss_or_decor_stagger,
          hangedman_steaming_rock, minivault_19

Skill      XL: |  1  2  3  4  5  6  7  8  9 10 |
---------------+-------------------------------+-----
Unarmed Combat | 3 4 5 6 7 8 |  8.4
Armour         | 1 2 3 4 5 |  5.3
Invocations    | 1 2 4 5 |  5.7
Dodging        | 3 4 5 |  5.5
Fighting       | 4 5 6 7 |  7.4
Shields        | 2 |  2.0
Stealth        | |  1.5

Action                   |  1- 3 |  4- 6 |  7- 9 | 10-12 || total
-------------------------+-------+-------+-------+-------++-------
Melee: Unarmed           |   175 |   189 |   494 |   274 ||  1132
       Punch             |     4 |     5 |    27 |       ||    36
       Dagger            |       |       |    26 |       ||    26
       War axe           |       |       |       |     4 ||     4
Throw: Dart              |       |       |     1 |       ||     1
       Boomerang         |       |       |       |     3 ||     3
Invok: Transference      |     1 |       |       |     5 ||     6
       Ancestor Life: He |     1 |       |       |       ||     1
Evoke: Wand              |       |       |     7 |    17 ||    24
  Use: Scroll            |       |       |     6 |     6 ||    12
 Stab: Sleeping          |     2 |     1 |       |     1 ||     4
       Distracted        |     1 |       |     9 |     1 ||    11
       Confused          |       |     3 |    12 |     3 ||    18
       Paralysed         |       |       |    11 |       ||    11
Armor: Robe              |    14 |       |       |       ||    14
       Ring mail         |    55 |    61 |   130 |     4 ||   250
       Troll leather arm |       |       |       |    65 ||    65
Dodge: Dodged            |    92 |   124 |   334 |   246 ||   796
Block: Buckler           |       |       |       |    48 ||    48

Table legend: (Time is in decaauts)
 A = Elapsed time spent in this place.
 B = Non-inter-level travel time spent in this place.
 C = Inter-level travel time spent in this place.
 D = Time resting spent in this place.
 E = Time spent auto-exploring this place.
 F = Levels seen in this place.
 G = Mean time per level.
                   A        B        C        D        E       F      G
               +--------+--------+--------+--------+--------+-----+--------+
         Total |  10451 |  10241 |    210 |   3242 |   4272 |  11 |  950.1 |
       Dungeon |   9561 |   9351 |    210 |   3059 |   4046 |   9 | 1062.3 |
         Abyss |    373 |    373 |      0 |     71 |     16 |   1 |  373.0 |
         Sewer |    516 |    516 |      0 |    112 |    209 |   1 |  516.0 |
               +--------+--------+--------+--------+--------+-----+--------+

Top non-repeatable levels by time:
     D:2: 1524 daAuts
     D:8: 1439 daAuts
     D:6: 1432 daAuts
     D:7: 1430 daAuts
     D:4: 1202 daAuts
     D:3: 954 daAuts
     D:1: 759 daAuts
     D:5: 642 daAuts
   Sewer: 516 daAuts
 Abyss:2: 373 daAuts
     D:9: 176 daAuts
